 Dungeon Crawl Stone Soup version 0.28-a0-821-g923ab73998 (webtiles) character file.

Game seed: 15894748782509599337

9 MacCMillion the Skirmisher (level 2, 27/27 HPs)
             Began as a Hill Orc Fighter on Nov 9, 2021.
             Was a Follower of Qazlal.
             Quit the game on level 1 of the Dungeon.
             The game lasted 00:02:58 (622 turns).

MacCMillion the Skirmisher (Hill Orc Fighter)        Turns: 622, Time: 00:02:59

Health: 27/27      AC:  6    Str: 18    XL:     2   Next: 16%
Magic:  2/2        EV:  9    Int:  8    God:    Qazlal [*.....]
Gold:   16         SH:  6    Dex: 10    Spells: 1/1 levels left

rFire   . . .      SeeInvis .   a - +0 trident
rCold   . . .      Faith    .   c - +0 buckler
rNeg    . . .      Spirit   .   b - +0 scale mail
rPois   .          Reflect  .   (no helmet)
rElec   .          Harm     .   (no cloak)
rCorr   .          Rampage  .   (no gloves)
Will    .....                   (no boots)
Stlth   ..........              (no amulet)
HPRegen 0.09/turn               (no ring)
MPRegen 0.08/turn               (no ring)

@: no status effects
A: no striking features
a: Renounce Religion


You were on level 1 of the Dungeon.
You worshipped Qazlal.
Qazlal was aware of your devotion.
You visited 1 branch of the dungeon, and saw 1 of its levels.

You collected 16 gold pieces.

Inventory:

Hand Weapons
 a - a +0 trident (weapon)
 f - a +2 vampiric dagger
Armour
 b - a +0 scale mail (worn)
 c - a +0 buckler (worn)
Scrolls
 e - 2 scrolls of identify {unknown}
Potions
 d - a potion of might


   Skills:
 + Level 3.9 Fighting
 - Level 2.2 Polearms
 + Level 3.5 Armour
 + Level 3.5 Shields


You had one spell level left.
You didn't know any spells.
Your spell library was empty.

Dungeon Overview and Level Annotations

Branches:
Dungeon (1/15)

Altars:
Qazlal


Message History

There is an open door here.
Things that are here:
a +0 club; 5 stones; a kobold corpse
There is an open door here.
You closely miss the goblin.
The goblin hits you with a +2 vampiric dagger.
* * * LOW HITPOINT WARNING * * *
You hit the goblin.
You kill the goblin!
Qazlal accepts your kill.
You barely miss the frilled lizard.
The frilled lizard bites you but does no damage.
You hit the frilled lizard.
You kill the frilled lizard!
Qazlal accepts your kill.
Things that are here:
a +2 vampiric dagger; a frilled lizard corpse; a goblin corpse You start resting.
HP restored.
f - a +2 vampiric dagger
e - 2 scrolls labelled GIPTOI IMANACU (gained 1)
A bat comes into view.
You closely miss the bat. The bat hits you but does no damage.
You block the bat's attack. The bat hits you but does no damage.
You barely miss the bat. The bat hits you but does no damage.
The bat barely misses you. x2
You barely miss the bat. You block the bat's attack. x2
The bat hits you but does no damage.
You puncture the bat!
You kill the bat!
Qazlal accepts your kill.
No target in view!
Found a club.
There is an open door here.
Things that are here:
a +0 club; 5 stones; a kobold skeleton You see here a +0 scale mail.
A ball python comes into view.
The ball python hisses angrily.
Are you sure you want to abandon this character and quit the game? (Confirm with "yes".)

############
...........#
...........#
.S.....@...#
.........### ####
.........###### #.[.
####..........## #...
#......[....# #...
#..###...(..# #...
#..###......# ##...
#. #...........#
#.... .. #.#
#...........#####....


You could see a ball python.

Vanquished Creatures
  2 endoplasms (D:1)
  2 goblins (D:1)
  2 bats (D:1)
  A frilled lizard (D:1)
  A kobold (D:1)
  3 rats (D:1)
11 creatures vanquished.

Notes
Turn   | Place    | Note
-------+----------+-------------------------------------------
     0 | D:1      | MacCMillion the Hill Orc Fighter began the quest for the
                  | Orb.
     0 | D:1      | Reached XP level 1. HP: 19/19 MP: 1/1
    95 | D:1      | Found a faded altar of an unknown god.
   104 | D:1      | Prayed at the altar of an unknown god.
   104 | D:1      | Became a worshipper of Qazlal Stormbringer
   104 | D:1      | Reached * piety under Qazlal
   232 | D:1      | Reached XP level 2. HP: 11/27 MP: 2/2
   622 | D:1      | Quit the game

Illustrated notes

Levels and vault maps discovered:
D:1:      amcnicky_arrival_flooded_fountain, layout_basic,
          hellmonk_ecumenical_altar_pennies_from_heaven, minivault_5

Action                   || total
-------------------------++-------
Melee: Trident           ||    31
Armor: Scale mail        ||    16
Dodge: Dodged            ||    17
Block: Buckler           ||     8

Table legend: (Time is in decaauts)
 A = Elapsed time spent in this place.
 B = Non-inter-level travel time spent in this place.
 C = Inter-level travel time spent in this place.
 D = Time resting spent in this place.
 E = Time spent auto-exploring this place.
 F = Levels seen in this place.
 G = Mean time per level.
                   A        B        C        D        E       F      G
               +--------+--------+--------+--------+--------+-----+--------+
         Total |    631 |    631 |      0 |    221 |    201 |   1 |  631.0 |
       Dungeon |    631 |    631 |      0 |    221 |    201 |   1 |  631.0 |
               +--------+--------+--------+--------+--------+-----+--------+

Top non-repeatable levels by time:
     D:1: 631 daAuts
